Map: 바니 연구소 (공허의 유산)

Players

Pheylon

  • Race: Zerg Zerg
  • League: Diamond
  • Spawn Location: 6:00

Miyakek - Winner!

  • Race: Terran Terran
  • League: Diamond
  • Spawn Location: 12:00

VOD

Have the link to the VOD?

Description

Time

  • Played on: Nov. 27, 2016, 5:06 p.m.
  • Length: 9:52
Show
View Real Time Build Order
Export as new Build Order

Pheylon Zerg 

Build Orders: Hatch First 

Get SALT Encoding   

  12  0:02  Drone  
  13  0:14  Overlord  
  13  0:18  Drone  
  14  0:33  Drone x2  
  16  0:36  Drone  
  17  0:54  Hatchery  
  16  1:01  Drone  
  16  1:02  Drone  
  18  1:16  Spawning Pool  
  17  1:18  Drone  
  17  1:22  Drone  
  19  1:42  Hatchery  
  19  1:46  Drone  
  19  1:52  Overlord  
  19  1:57  Extractor  
  18  2:04  Zergling x4  
  20  2:09  Queen  
  22  2:19  Queen  
  24  2:29  Drone x2  
  26  2:40  Drone x3  
  26  2:42  Drone  
  30  2:49  Overlord  
  30  3:04  Metabolic Boost  
  30  3:07  Drone x2  
  30  3:08  Drone x2  
  30  3:10  Drone  
  35  3:16  Queen  
  35  3:19  Drone  
  38  3:24  Drone x2  
  40  3:29  Drone x2  
  40  3:30  Drone  
  43  3:34  Overlord  
  43  3:40  Queen  
  45  3:43  Drone  
  45  3:45  Drone x2  
  48  3:53  Drone x4  
  48  3:54  Drone  
  53  3:57  Drone x2  
  53  4:00  Drone x2  
  57  4:13  Queen  
  57  4:14  Roach Warren  
  57  4:16  Extractor, Drone  
  58  4:19  Extractor  
  57  4:25  Drone, Spine Crawler  
  57  4:26  Overlord  
  55  4:33  Overlord  
  55  4:36  Overlord  
  55  4:38  Lair, Overlord  
  55  4:39  Overlord  
  55  4:48  Drone x2, Overlord  
  55  4:49  Overlord  
  57  5:10  Roach x3  
  57  5:11  Roach x2  
  57  5:12  Drone x3  
  57  5:13  Drone x5  
  74  5:31  Extractor, Overlord  
  74  5:33  Spore Crawler  
  72  5:38  Spore Crawler  
  72  5:39  Hydralisk Den, Glial Reconstitution  
  71  5:42  Drone  
  71  5:43  Drone x7  
  71  5:44  Drone x3  
  71  5:45  Evolution Chamber  
  71  5:47  Evolution Chamber  
  78  5:54  Roach x2  
  81  5:58  Overlord  
  81  6:05  Roach x5  
  81  6:06  Overlord  
  91  6:13  Extractor  
  91  6:14  Extractor  
  91  6:15  Zerg Missile Weapons Level 1  
  91  6:16  Zerg Ground Armor Level 1  
  91  6:17  Overseer  
  89  6:23  Drone x2, Roach  
  89  6:24  Drone  
  89  6:25  Drone x2  
  96  6:30  Roach  
  96  6:31  Roach x2  
  102  6:33  Drone x3  
  105  6:42  Drone x2  
  105  6:43  Infestation Pit  
  106  6:48  Overlord  
  106  6:50  Hydralisk x3  
  106  6:52  Drone x2  
  114  7:05  Hatchery, Hydralisk x4  
  114  7:06  Hydralisk  
  123  7:11  Pneumatized Carapace  
  123  7:21  Muscular Augments  
  123  7:25  Hydralisk  
  125  7:41  Overlord  
  125  7:45  Overlord x2  
  125  7:47  Hive  
  125  7:50  Hatchery  
  124  7:53  Hydralisk x3  
  124  7:55  Overlord x2  
  130  8:00  Overlord, Hydralisk x3  
  136  8:07  Overlord  
  98  8:27  Roach x3  
  98  8:28  Roach  
  98  8:29  Roach x2  
  98  8:30  Roach x4  
  98  8:31  Hydralisk x5  
  98  8:32  Grooved Spines  
  118  8:45  Hydralisk x4  
  118  8:46  Hydralisk  
  124  8:49  Zergling x6  
  124  8:50  Zergling x2  
  113  8:58  Hydralisk x3  
  113  9:00  Zergling x2  
  113  9:01  Zergling x2  
  113  9:05  Hydralisk  
  113  9:09  Zergling x2  
  97  9:14  Roach  
  81  9:20  Hydralisk  
  74  9:27  Hydralisk  
Show
View Real Time Build Order
Export as new Build Order

Miyakek Terran - Winner!

Build Orders: Command Center First (CC) 

Get SALT Encoding   

  12  0:00  SCV  
  13  0:12  SCV  
  14  0:19  Supply Depot  
  14  0:25  SCV  
  15  0:44  SCV  
  16  1:00  Command Center  
  16  1:10  Barracks  
  16  1:12  SCV  
  17  1:24  SCV  
  18  1:29  Refinery  
  18  1:30  Refinery  
  18  1:36  SCV  
  19  1:57  Orbital Command  
  19  1:58  Marine  
  20  2:02  Bunker  
  20  2:16  Orbital Command  
  20  2:20  Barracks Reactor  
  20  2:26  SCV  
  20  2:37  Factory  
  20  2:42  SCV  
  21  2:46  SCV  
  22  2:54  SCV  
  22  2:56  Marine x2  
  25  3:00  SCV  
  26  3:07  Supply Depot  
  26  3:09  SCV  
  26  3:12  SCV  
  28  3:21  SCV  
  28  3:24  Factory  
  28  3:26  Barracks Tech Lab  
  29  3:30  SCV  
  29  3:33  Hellion x2  
  34  3:36  SCV  
  35  3:42  SCV  
  35  3:48  SCV  
  37  3:50  Barracks Tech Lab  
  37  3:55  Hellion x2, SCV, Supply Depot  
  42  4:02  SCV  
  43  4:11  Stimpack  
  43  4:16  Hellion  
  43  4:17  Hellion, Infernal Pre-Igniter  
  47  4:19  Siege Tank  
  50  4:25  SCV x2  
  52  4:34  Supply Depot  
  52  4:37  SCV  
  53  4:39  SCV, Barracks x2  
  54  4:53  Supply Depot  
  54  4:56  Hellion x2, SCV x2  
  60  5:14  Siege Tank  
  60  5:17  SCV x2  
  60  5:20  Supply Depot x2  
  65  5:21  Supply Depot  
  65  5:22  Hellion x2  
  69  5:29  Barracks Tech Lab  
  69  5:30  Barracks Tech Lab  
  69  5:40  Armory  
  69  5:41  Supply Depot, Marauder  
  71  5:46  Siege Tank  
  74  5:53  Hellion  
  74  5:54  Hellion  
  76  6:03  Marauder x3  
  82  6:06  Starport  
  82  6:10  Refinery  
  82  6:11  Supply Depot  
  82  6:21  Siege Tank  
  82  6:24  Concussive Shells  
  85  6:27  Marauder  
  85  6:30  SCV x2  
  89  6:42  SCV  
  89  6:45  Factory Reactor  
  90  6:51  Marauder x2  
  90  6:52  Marauder  
  90  6:53  SCV  
  97  6:57  Supply Depot x2  
  100  7:10  Medivac  
  100  7:13  Marauder x2  
  100  7:14  Marauder  
  105  7:19  Refinery, Supply Depot  
  105  7:22  Hellion x2  
  109  7:28  Medivac  
  111  7:36  Marauder x2  
  115  7:43  Hellion x2  
  119  7:48  Marauder  
  119  7:50  Thor  
  127  7:57  Marauder x2  
  131  8:05  Hellion  
  133  8:17  Supply Depot  
  133  8:18  Supply Depot, Marauder  
  133  8:19  Marauder  
  117  8:28  Marauder  
  117  8:31  Hellion  
  117  8:32  Hellion  
  121  8:40  Marauder  
  121  8:41  Marauder  
  119  8:49  SCV x2  
  119  8:50  Siege Tank, Marauder  
  126  9:01  Marauder  
  126  9:02  Marauder  
  117  9:12  Marauder  
  113  9:18  Command Center  
  113  9:19  Hellion x2  
  113  9:23  Marauder  
  113  9:28  Marauder  
  107  9:41  Engineering Bay  
Tags
 
Add a new tag
Caveats
  • Supply blocks, unpowered buildings, or Contaminate may cause inaccurate times.
  • Supply counts are checked every 10 seconds.